 Dungeon Crawl Stone Soup version 0.29-a0-360-g8ed1089bbe (webtiles) character file.

Game seed: 3969945717133312712

254 Zatoro the Chopper (level 5, 0/42 HPs)
             Began as a Demonspawn Chaos Knight on Apr 29, 2022.
             Was a Plaything of Xom.
             Slain by a gnoll shaman
             ... wielding a +0 club
              (11 damage)
             ... on level 4 of the Dungeon.
             The game lasted 00:12:06 (4649 turns).

Zatoro the Chopper (Demonspawn Chaos Knight)        Turns: 4649, Time: 00:12:06

Health: 0/42       AC:  5    Str: 14    XL:     5   Next: 91%
Magic:  5/5        EV: 10    Int: 14    God:    Xom [...*..]
Gold:   229        SH: 11    Dex: 12    Spells: 4/4 levels left

rFire   . . .      SeeInvis .   a - +0 hand axe (chaos)
rCold   . . .      Faith    .   n - +0 kite shield
rNeg    . . .      Spirit   .   b - +2 leather armour
rPois   .          Reflect  .   (no helmet)
rElec   .          Harm     .   (no cloak)
rCorr   .          Rampage  .   (no gloves)
Will    .....                   (no boots)
Stlth   ++........              (no amulet)
HPRegen 0.14/turn               (no ring)
MPRegen 0.09/turn               (no ring)

@: no status effects
A: powered by pain 1, condensation shield
a: Renounce Religion


You were on level 4 of the Dungeon.
You worshipped Xom.
You were a favourite toy of Xom.
You visited 1 branch of the dungeon, and saw 4 of its levels.

You collected 229 gold pieces.

Inventory:

Hand Weapons
 a - a +0 hand axe of chaos (weapon)
Armour
 b - a +2 leather armour (worn)
 l - a +0 robe of positive energy
 m - a +0 ring mail
 n - a +0 kite shield (worn)
 u - a +2 buckler
Magical Staves
 v - a staff of conjuration
Jewellery
 e - a ring of wizardry
Wands
 y - a wand of mindburst (17)
Scrolls
 d - 3 scrolls of fear
 h - 8 scrolls of identify {unknown}
 i - a scroll of brand weapon {unknown}
 q - a scroll of enchant armour {unknown}
 r - 2 scrolls of teleportation {unknown}
 s - a scroll of vulnerability {unknown}
 x - a scroll of enchant weapon {unknown}
Potions
 f - a potion of flight {unknown}
 g - a potion of lignification {unknown}
 j - 2 potions of curing {unknown}
 k - 3 potions of degeneration {unknown}
 o - a potion of brilliance {unknown}
 p - 2 potions of heal wounds {unknown}
 t - a potion of attraction {unknown}
 w - 2 potions of might {unknown}
Miscellaneous
 c - a piece from Xom's chessboard (15/15) (quivered)


   Skills:
 * Level 3.7 Fighting
 * Level 4.1 Axes
 * Level 2.8 Armour
 * Level 2.0 Dodging
 * Level 1.7 Stealth
 + Level 1.0 Shields


You had 4 spell levels left.
You didn't know any spells.
Your spell library was empty.

Dungeon Overview and Level Annotations

Branches:
Dungeon (4/15)
 Temple: D:4-7

Altars:
Sif Muna


Innate Abilities, Weirdness & Mutations

You sometimes gain a little power by taking damage.
A meltable shield of frost defends you. (SH +4)


Message History

You block the gnoll's attack.
You barely miss the gnoll shaman.
The gnoll shaman is moderately wounded.
You block the gnoll's attack.
The gnoll shaman hits you with a +0 club.
The gnoll hits you from afar with a +0 spear.
You barely miss the gnoll shaman.
The gnoll shaman is moderately wounded.
The gnoll shaman barely misses you.
The gnoll hits you from afar with a +0 spear.
The gnoll shaman barely misses you. The gnoll hits you but does no damage.
You hit the gnoll shaman but do no damage.
The gnoll shaman is moderately wounded.
Xom grants you some temporary aid.
The gnoll hits you from afar with a +0 spear.
* * * LOW HITPOINT WARNING * * *
You block the gnoll shaman's attack. You block the gnoll's attack.
You swap places.
The gnoll shaman misses your shadow imp.
Your shadow imp hits the gnoll shaman but does no damage.
The gnoll shaman hits your shadow imp with a +0 club!
Your shadow imp hits the gnoll shaman.
The gnoll shaman mumbles some strange prayers to its god against you.
Your shadow imp is outlined in light.
Your shadow imp closely misses the gnoll shaman.
There are monsters nearby!
The gnoll shaman hits your shadow imp with a +0 club.
Your shadow imp dies!
Your shadow imp disappears in a puff of smoke!
There are monsters nearby!
The gnoll shaman calls upon its god to heal something.
You start resting.
A gnoll shaman is nearby!
Unknown command.
Unknown command.
You closely miss the gnoll shaman.
The gnoll shaman is heavily wounded.
The gnoll shaman hits you with a +0 club!
You die...
Xom is highly amused!

##############
#.............
#.###########. #.# #.
#.# ######. #.#
#......
#########.##.......###
#g.gg@<...............
#.#######.##.#...#.###
#.# #.# # # #.# #.#
#.# ..# ###g#######.#
#.g...b.....#
#.#.######### #g#.#


You could see a gnoll shaman and 2 gnolls.

Vanquished Creatures
  A hound (D:4)
  An orc priest (D:3)
  Natasha (thrice) (D:3)
  3 adders
  3 worms
  A dart slug (D:1)
  13 orcs
  4 bats
  An endoplasm (D:4)
  A giant cockroach (D:2)
  5 goblins
  8 hobgoblins
  5 ball pythons
  9 frilled lizards
  10 kobolds
  6 rats
74 creatures vanquished.

Notes
Turn   | Place    | Note
-------+----------+-------------------------------------------
     0 | D:1      | Zatoro the Demonspawn Chaos Knight began the quest for the
                  | Orb.
     0 | D:1      | Reached XP level 1. HP: 18/18 MP: 1/1
   186 | D:1      | Reached skill level 1 in Dodging
   186 | D:1      | Gained mutation: You sometimes gain a little power by
                  | taking damage. [demonic ancestry]
   186 | D:1      | Reached XP level 2. HP: 24/24 MP: 2/2
   227 | D:1      | Found a faded altar of an unknown god.
   696 | D:2      | Reached skill level 3 in Axes
   826 | D:2      | XOM: noise
  1009 | D:2      | Gained mutation: A meltable shield of frost defends you.
                  | (SH +4) [demonic ancestry]
  1009 | D:2      | Reached XP level 3. HP: 26/29 MP: 3/3
  1009 | D:2      | You fall into a shaft and drop 1 floor!
  1009 | D:3      | Noticed Natasha
  1018 | D:3      | XOM: confuse monster(s)
  1022 | D:3      | Killed Natasha
  1038 | D:3      | XOM: noise
  1195 | D:3      | Found a shimmering blue altar of Sif Muna.
  1273 | D:3      | Reached skill level 1 in Stealth
  1273 | D:3      | Reached XP level 4. HP: 14/35 MP: 4/4
  1940 | D:3      | Noticed Natasha
  2135 | D:3      | XOM: silly message
  2233 | D:3      | XOM: divination: detect creatures
  2780 | D:3      | XOM: cast spell 'Summon Small Mammal'
  2781 | D:3      | Killed Natasha
  2782 | D:3      | Reached XP level 5. HP: 18/41 MP: 5/5
  3179 | D:3      | Noticed Natasha
  3194 | D:3      | Killed Natasha
  3195 | D:3      | Reached skill level 4 in Axes
  3387 | D:2      | XOM: divination: magic mapping
  4233 | D:4      | XOM: silly message
  4351 | D:4      | XOM: 1-stop teleportation journey
  4515 | D:4      | Reached skill level 1 in Shields
  4543 | D:4      | XOM: cloud trail
  4621 | D:4      | XOM: scenery: summon butterflies
  4631 | D:4      | XOM: summons 1 friendly demon
  4649 | D:4      | Slain by a gnoll shaman

Illustrated notes

Levels and vault maps discovered:
D:1:      matt_arrival_grand_opening, layout_rooms,
          dreamdust_ecumenical_altar_angels_and_demons
D:2:      layout_basic, grunt_decor_arrowhead, minmay_misc_feat_four_crosses,
          roderic_lattice_a, kennysheep_generic_room_13
D:3:      layout_loops_ring, general_overflow_altar, serial_park_tiny_pond,
          nicolae_elevator_lobby_asterisk, uniq_natasha
D:4:      layout_basic, moated_statue

Skill      XL: |  1  2  3  4  5 |
---------------+----------------+-----
Dodging        | 1 2 |  2.0
Armour         | 2 |  2.8
Axes           | 3 4 |  4.1
Stealth        | 1 |  1.7
Shields        | 1 |  1.0
Fighting       | |  3.7

Action                   |  1- 3 |  4- 6 || total
-------------------------+-------+-------++-------
Melee: Hand axe          |    76 |   200 ||   276
  Use: Scroll            |     1 |       ||     1
 Stab: Sleeping          |     1 |     1 ||     2
       Paralysed         |     1 |       ||     1
       Distracted        |       |     1 ||     1
Armor: Leather armour    |    21 |    41 ||    62
Dodge: Dodged            |    36 |    61 ||    97
Block: Kite shield       |    18 |   100 ||   118

Table legend: (Time is in decaauts)
 A = Elapsed time spent in this place.
 B = Non-inter-level travel time spent in this place.
 C = Inter-level travel time spent in this place.
 D = Time resting spent in this place.
 E = Time spent auto-exploring this place.
 F = Levels seen in this place.
 G = Mean time per level.
                   A        B        C        D        E       F      G
               +--------+--------+--------+--------+--------+-----+--------+
         Total |   4731 |   4513 |    218 |   1448 |   2386 |   4 | 1182.8 |
       Dungeon |   4731 |   4513 |    218 |   1448 |   2386 |   4 | 1182.8 |
               +--------+--------+--------+--------+--------+-----+--------+

Top non-repeatable levels by time:
     D:3: 2408 daAuts
     D:2: 1217 daAuts
     D:1: 634 daAuts
     D:4: 471 daAuts
